 Dungeon Crawl Stone Soup version 0.19.3-1-g3169bf9 (console) character file.

5042 Grinner the Basher (level 10, 0/98 HPs)
             Began as an Ogre Monk on Jan 26, 2017.
             Was a High Priest of Okawaru.
             Slain by a hornet (1 damage)
             ... while paralysed by a hornet
             ... on level 8 of the Dungeon.
             The game lasted 00:34:22 (8917 turns).

Grinner the Basher (Ogre Monk)                      Turns: 8917, Time: 00:34:22

Health: 0/98       AC: 11    Str: 21    XL:     10   Next: 55%
Magic:  10/12      EV:  1    Int:  9    God:    Okawaru [*****.]
Gold:   795        SH:  0    Dex: 12    Spells: 2 memorised, 5 levels left

rFire  . . .     SeeInvis .     a - +1 whip (elec)
rCold  . . .     Gourm    +     l - +0 robe {MR+}
rNeg   . . .     Faith    .     (no shield)
rPois  .         Spirit   .     (helmet restricted)
rElec  .         Reflect  .     E - +1 cloak
rCorr  .         Harm     .     (gloves unavailable)
MR     ++...                    (boots unavailable)
Stlth  +++.......               k - amulet of the gourmand
                                I - +6 ring of protection
                                b - +2 ring of evasion

@: paralysed, lethally poisoned (0 -> -14), heroism, very slightly contaminated,
slowed
A: unfitting armour, tough skin 1
a: Heroism, Finesse, Renounce Religion


You were on level 8 of the Dungeon.
You worshipped Okawaru.
Okawaru was extremely pleased with you.
You were not hungry.

You visited 1 branch of the dungeon, and saw 8 of its levels.
You also visited: Ossuary.

You collected 795 gold pieces.

Inventory:

Hand Weapons
 a - a +1 whip of electrocution (weapon)
 N - the +3 giant club "Worm" {antimagic, Dex+2}
   (Okawaru gifted it to you on level 7 of the Dungeon)

   It reduces the magical energy of the wielder, and disrupts the spells and
   magical abilities of those hit.
   Natural abilities and divine invocations are not affected.
   It affects your dexterity (+2).
Missiles
 e - 5 large rocks (quivered)
 y - 10 tomahawks of returning
Armour
 l - a +0 robe of magic resistance (worn)
 E - a +1 cloak (worn)
Jewellery
 b - a +2 ring of evasion (left hand)
 k - an amulet of the gourmand (around neck)
 F - an uncursed ring of flight
 I - a +6 ring of protection (right hand)
Wands
 h - a wand of acid (2/15)
 v - a wand of polymorph (0/24)
 G - a wand of iceblast (8/15)
 L - a wand of polymorph (11/24)
 M - a wand of lightning (7/15)
 O - a wand of disintegration (19/24)
Scrolls
 d - 3 scrolls of amnesia
 o - 3 scrolls of teleportation
 r - 4 scrolls of recharging {unknown}
 t - 2 scrolls of fear {unknown}
 x - 2 scrolls of magic mapping
 A - 2 scrolls of fog
 K - a scroll of enchant weapon {unknown}
Potions
 f - 5 potions of flight
 g - 2 potions of cure mutation
 j - 3 potions of ambrosia
 n - 6 potions of agility
 p - a potion of cancellation
 s - 6 potions of curing
 z - 2 potions of haste {unknown}
 B - 2 potions of heal wounds {unknown}
 C - 2 potions of lignification
 D - a potion of experience {unknown}
 J - a potion of invisibility {unknown}
Comestibles
 c - 4 bread rations
 i - 3 royal jellies
 m - 5 beef jerkies
 u - a slice of pizza
 w - 6 fruits
 H - 4 meat rations


   Skills:
 - Level 5.7(10.7) Fighting
 * Level 12.5(17.5) Maces & Flails
 + Level 5.6(10.6) Throwing
 * Level 9.2(14.2) Dodging
 - Level 1.4(6.4) Stealth
 - Level 3.4 Invocations


You had 5 spell levels left.
You knew the following spells:

 Your Spells              Type           Power        Failure   Level  Hunger
m - Repel Missiles        Chrm/Air       #.....       65%         2    ###....
s - Swiftness             Chrm/Air       #.......     65%         2    ###....


Dungeon Overview and Level Annotations

Branches:
Dungeon (8/15)             Temple (0/1) D:6
   Lair: D:8-11

Altars:
Dithmenos
Fedhas
Hepliaklqana
Makhleb
Okawaru
Ru
Vehumet
The Shining One

Shops:
D:6 :


Innate Abilities, Weirdness & Mutations

You are too large for most types of armour.
You have tough skin. (AC +1)


Message History

The hornet misses you.
Unknown command.
Blink to where?
Press: ? - help, Dir - move target cursor You are very lightly contaminated with residual magic.
As you read the scroll of blinking, it crumbles to dust.
A soldier ant comes into view.
The soldier ant moves out of view.
The hornet stings you but does no damage.
You gain the combat prowess of a mighty hero.
You feel yourself speed up. The hornet completely misses you.
The hornet stings you!
* * * LOW HITPOINT WARNING * * *
You are poisoned.
You suddenly lose the ability to move!
You feel sick. The hornet stings you!
* * * LOW HITPOINT WARNING * * *
You are more poisoned.
You feel yourself slow down. The hornet stings you.
You die...

########.....## #.......<.....#
#........)....# #............)##
#..........)...# #......##.###..#
#......##.#a#..##
##.....#.#y##..)#### ######
#######.#.##.#@##.#.#.# #.....
#.........#a#.###.#.#.####.....
##.####.#.##.# #..#.#..........
#.# #.#.### ##......######... #.#
#.#..# #................
#.####.#..# #.....#.#.#.##...
#......#..####...#.#.# #......
###########.#.........#.#.####...
......................#.#........


You could see a hornet.

Vanquished Creatures
  The ghost of Grorgnorb the Cutter, a novice HuWn (Ossuary)
  Joseph (D:8)
  A rime drake (D:4)
  A hippogriff (D:7)
  Sigmund (D:2)
  A hungry ghost (D:8)
  Menkaure (D:6)
  A warg (D:8)
  2 orc warriors
  A slave (D:4)
  2 black bears
  A necrophage (D:6)
  3 centaurs
  8 ogres
  Blork the orc (D:4)
  A big kobold (D:7)
  A bullfrog (D:8)
  A wyvern zombie (D:6)
  3 killer bees (D:8)
  5 wights (D:8)
  3 crimson imps
  2 bullfrog zombies
  2 centaur zombies (D:4)
  A quasit (D:8)
  4 jellies
  2 orc priests (D:7)
  Crazy Yiuf (D:6)
  6 hounds
  A centaur skeleton (D:3)
  4 orc wizards
  An iguana (D:6)
  5 worker ants
  8 mummies (Ossuary)
  2 worker ant zombies (D:4)
  11 gnolls
  7 adders
  A river rat (D:4)
  A shadow imp (D:6)
  An ooze (D:1)
  3 adder skeletons
  3 worms
  4 dart slugs
  6 leopard geckos
  10 orcs
  3 bats
  6 giant cockroaches
  7 goblins
  12 hobgoblins
  10 jackals
  A quokka (D:3)
  2 ball pythons
  2 frilled lizards
  A giant cockroach zombie (D:4)
  5 hobgoblin zombies (Ossuary)
  A jackal skeleton (D:7)
  A jackal zombie (D:4)
  9 kobolds
  A kobold zombie (Ossuary)
  A leopard gecko skeleton (D:4)
  2 leopard gecko zombies (D:4)
  2 orc zombies (Ossuary)
  2 quokka zombies
  6 rats
  A fungus (D:6)
201 creatures vanquished.

Vanquished Creatures (others)
  A slave (D:4)
  An adder (D:4)
  A leopard gecko (D:7)
3 creatures vanquished.

Grand Total: 204 creatures vanquished

Notes
Turn   | Place    | Note
-------+----------+-------------------------------------------
     0 | D:1      | Grinner the Ogre Monk began the quest for the Orb.
     0 | D:1      | Reached XP level 1. HP: 24/24 MP: 1/1
   218 | D:1      | Reached XP level 2. HP: 32/32 MP: 2/2
   643 | D:1      | Reached XP level 3. HP: 37/39 MP: 3/3
   669 | D:2      | Noticed Sigmund
   684 | D:2      | Killed Sigmund
   684 | D:2      | Reached skill level 5 in Fighting
   684 | D:2      | Reached skill level 5 in Maces & Flails
   684 | D:2      | Reached XP level 4. HP: 34/50 MP: 4/4
   684 | D:2      | Reached XP level 5. HP: 39/57 MP: 5/5
   891 | D:2      | Found a shadowy altar of Dithmenos.
   972 | D:2      | You fall through a shaft!
  1486 | D:2      | Found a hazy altar of Hepliaklqana.
  1486 | D:2      | Found an iron altar of Okawaru.
  1486 | D:2      | Found a radiant altar of Vehumet.
  1629 | D:2      | Became a worshipper of Warmaster Okawaru
  1629 | D:2      | Reached * piety under Okawaru
  1629 | D:2      | Reached ** piety under Okawaru
  1723 | D:3      | Reached skill level 6 in Maces & Flails
  2007 | D:3      | Reached XP level 6. HP: 21/66 MP: 6/6
  2432 | D:3      | Reached skill level 1 in Invocations
  2615 | D:3      | Found a burning altar of Makhleb.
  2740 | D:3      | Found a sacrificial altar of Ru.
  3020 | D:4      | Noticed Dowan
  3024 | D:4      | Noticed Duvessa
  3026 | D:4      | Noticed Dowan
  3026 | D:4      | Dowan changed into Dowan the adder
  3034 | D:4      | Killed Dowan the adder
  3035 | D:4      | Noticed Duvessa
  3035 | D:4      | Duvessa changed into Duvessa the hound
  3040 | D:4      | Killed Duvessa the hound
  3447 | D:4      | Noticed Pikel
  3447 | D:4      | Noticed a slave
  3450 | D:4      | Noticed a slave
  3450 | D:4      | Noticed a slave
  3461 | D:4      | Killed a slave
  3463 | D:4      | Noticed Pikel
  3463 | D:4      | Pikel changed into Pikel the rime drake
  3464 | D:4      | Noticed a slave
  3473 | D:4      | Killed Pikel the rime drake
  3473 | D:4      | Reached *** piety under Okawaru
  3473 | D:4      | Reached skill level 7 in Maces & Flails
  3473 | D:4      | Reached skill level 1 in Throwing
  3473 | D:4      | Reached skill level 5 in Dodging
  3473 | D:4      | Reached XP level 7. HP: 12/74 MP: 8/8
  3526 | D:4      | HP: 2/74 [centaur zombie (4)]
  3918 | D:4      | Noticed Blork the orc
  3985 | D:4      | Killed Blork the orc
  3985 | D:4      | Reached skill level 8 in Maces & Flails
  3985 | D:4      | Reached XP level 8. HP: 42/83 MP: 9/9
  4295 | D:4      | Received a gift from Okawaru
  4465 | D:5      | Entered Level 5 of the Dungeon
  4483 | D:5      | Found a sand-covered staircase.
  4487 | Ossuary  | Entered an ossuary
  4579 | Ossuary  | Noticed Grorgnorb's ghost (novice HuWn)
  4590 | Ossuary  | Killed Grorgnorb's ghost
  4590 | Ossuary  | Reached **** piety under Okawaru
  4590 | Ossuary  | Reached skill level 9 in Maces & Flails
  4777 | D:5      | Found a glowing golden altar of the Shining One.
  4937 | D:5      | Found a blossoming altar of Fedhas.
  5080 | D:5      | Reached XP level 9. HP: 82/89 MP: 11/11
  5715 | D:6      | Noticed Menkaure
  5725 | D:6      | Killed Menkaure
  5725 | D:6      | Reached skill level 10 in Maces & Flails
  5767 | D:6      | Found a runed door.
  5771 | D:6      | Noticed Crazy Yiuf
  5780 | D:6      | Killed Crazy Yiuf
  6136 | D:6      | Found Qiddow's Book Boutique.
  6211 | D:6      | Learned a level 2 spell: Repel Missiles
  6214 | D:6      | Learned a level 2 spell: Swiftness
  6404 | D:6      | Found a staircase to the Ecumenical Temple.
  6496 | D:6      | Reached ***** piety under Okawaru
  7211 | D:7      | Reached skill level 11 in Maces & Flails
  7239 | D:7      | Received a gift from Okawaru
  7250 | D:7      | Got a dazzling giant club {god gift}
  7275 | D:7      | Reached skill level 5 in Throwing
  7275 | D:7      | Reached XP level 10. HP: 33/98 MP: 12/12
  7297 | D:7      | Identified the +3 giant club "Worm" {antimagic, Dex+2} (Okawaru gifted it to you on level 7 of the Dungeon)
  7856 | D:8      | Noticed Psyche
  7858 | D:8      | Noticed Psyche
  7858 | D:8      | Psyche changed into Psyche the warg
  7872 | D:8      | Killed Psyche the warg
  8319 | D:8      | Reached skill level 12 in Maces & Flails
  8370 | D:8      | Noticed Joseph
  8383 | D:8      | Killed Joseph
  8509 | D:8      | Received a gift from Okawaru
  8910 | D:8      | Paralysed by a hornet for 3 turns
  8916 | D:8      | Paralysed by a hornet for 3 turns
  8917 | D:8      | HP: 1/98 [hornet (7)]
  8917 | D:8      | Slain by a hornet

Skill      XL: |  1  2  3  4  5  6  7  8  9 10 |
---------------+-------------------------------+-----
Dodging        | 3 4 5 6 8 9 |  9.2
Fighting       | 5 |  5.7
Maces & Flails | 5 6 7 8 9 11 12 | 12.5
Invocations    | 2 3 |  3.4
Throwing       | 1 2 3 5 |  5.6
Stealth        | |  1.4

Action                   |  1- 3 |  4- 6 |  7- 9 | 10-12 || total
-------------------------+-------+-------+-------+-------++-------
Melee: Mace              |    48 |   213 |       |       ||   261
       Whip              |       |       |   305 |   207 ||   512
       Punch             |       |       |     1 |       ||     1
Throw: Tomahawk          |       |       |     9 |       ||     9
Invok: Heroism           |       |     1 |     4 |     1 ||     6
Evoke: Wand              |       |    10 |       |     1 ||    11
  Use: Potion            |     2 |     1 |     7 |     1 ||    11
       Scroll            |       |     8 |     3 |     3 ||    14
 Stab: Sleeping          |     3 |     4 |     1 |     3 ||    11
       Distracted        |       |       |       |     1 ||     1
  Eat: Chunk             |       |    12 |    11 |    12 ||    35
Armor: Robe              |     8 |    50 |    36 |    38 ||   132
       Skin              |       |       |    38 |       ||    38
Dodge: Dodged            |    22 |   123 |   134 |   116 ||   395
